 Dungeon Crawl Stone Soup version 0.29-a0-1016-g236c7fd91e (webtiles) character file.

Game seed: 7337416660441978388

193 componib the Covered (level 5, -9/70 HPs)
             Began as a Minotaur Fighter on Aug 10, 2022.
             Was an Initiate of Ru.
             Killed by divine providence
             ... invoked by an orc priest
              (12 damage)
             ... on level 3 of the Dungeon.
             The game lasted 00:07:51 (2561 turns).

componib the Covered (Minotaur Fighter)             Turns: 2561, Time: 00:07:51

Health: -9/70      AC: 22    Str: 23    XL:     5   Next: 43%
Magic:  4/4        EV:  2    Int:  5    God:    Ru [......]
Gold:   115        SH:  0    Dex:  9    Spells: 4/4 levels left

rFire   + . .      SeeInvis .   d - +2 trident (venom)
rCold   + . .      Faith    .   j - orb {light}
rNeg    . . .      Spirit   .   (body armour currently unavailable)
rPois   +          Reflect  .   (helmet currently unavailable)
rElec   +          Harm     .   (cloak currently unavailable)
rCorr   +          Rampage  .   (gloves currently unavailable)
Will    .....      NoTele   +   (boots currently unavailable)
Stlth   +.........              (no amulet)
HPRegen 0.21/turn               (no ring)
MPRegen 0.09/turn               (no ring)

@: tree-form, resistant, glowing
A: stationary, stasis, torment immunity, boosted hp, (horns 2), (retaliatory
headbutt)
a: Renounce Religion, Sacrifice Purity, Sacrifice Nimbleness, Sacrifice a Hand,
Reject Sacrifices


You were on level 3 of the Dungeon.
You worshipped Ru.
Ru was noncommittal.
You were a tree.
You visited 1 branch of the dungeon, and saw 3 of its levels.

You collected 115 gold pieces.

Inventory:

Hand Weapons
 a - a +0 long sword
 d - a +2 trident of venom (weapon)
 m - the +4 rapier "Wuluph" {vorpal, rF- Will++ Dex+3}
   (You found it on level 2 of the Dungeon)

   It inflicts extra damage upon your enemies.
   Dex:       It affects your dexterity (+3).
   rF:        It makes you vulnerable to fire.
   Will:      It greatly increases your willpower.
Armour
 b - a +0 scale mail (melded)
 c - a +0 buckler
 j - an orb of light (worn)
 k - a +1 pair of boots (melded)
Jewellery
 f - a ring of see invisible
Potions
 e - a potion of haste
 g - a potion of brilliance {unknown}
 l - a potion of degeneration {unknown}
 n - a potion of attraction {unknown}


   Skills:
 + Level 4.4 Fighting
 + Level 1.1(2.6) Short Blades
 + Level 4.2(4.3) Long Blades
 + Level 0.1 Polearms
 + Level 5.0 Armour
 + Level 1.4 Dodging
 + Level 4.1 Shields


You had 4 spell levels left.
You didn't know any spells.
Your spell library was empty.

Dungeon Overview and Level Annotations

Branches:
Dungeon (3/15)

Altars:
Qazlal
Ru

Shops:
D:3 [


Innate Abilities, Weirdness & Mutations

You are a tree.
Your roots penetrate the ground, keeping you stationary.
You cannot be teleported.
You are immune to unholy pain and torment.
Your maximum health is greatly increased.
Your equipment is partially melded.
((You have a pair of horns on your head.))
((You reflexively headbutt those who attack you in melee.))


Message History

You kill the orc!
The orc priest mumbles some strange prayers to Beogh against you.
Beogh smites you!
* * * LOW HITPOINT WARNING * * *
The orc wizard hits you but does no damage.
The orc misses you.
You aren't carrying any scrolls.
It was a potion of resistance.
You feel protected.
The orc wizard hits you with a +0 dagger.
* * * LOW HITPOINT WARNING * * *
The orc barely misses you.
You hit the orc wizard.
The orc wizard is heavily wounded.
The orc priest miscasts a cantrip.
The orc wizard barely misses you. The orc hits you but does no damage.
You hit the orc wizard but do no damage.
The orc wizard is poisoned.
The orc wizard is heavily wounded.
The orc wizard hits you but does no damage.
The orc hits you from afar with a +0 trident.
* * * LOW HITPOINT WARNING * * *
You barely miss the orc wizard. You headbutt the orc wizard.
The orc wizard is almost dead.
You kill the orc wizard!
The orc closely misses you. The orc barely misses you.
Your base Short Blades skill increases to level 1!
Your Armour skill increases to level 5!
The orc hits you but does no damage.
You aren't carrying any scrolls.
It was a potion of lignification.
You turn into a tree.
Your +1 pair of boots melds into your body.
Your +0 scale mail melds into your body.
Your roots penetrate the ground.
The orc hits you from afar with a +0 trident.
* * * LOW HITPOINT WARNING * * *
You are too injured to fight recklessly!
The orc priest invokes the aid of Beogh against you.
Beogh smites you!
You die...

.............##.# .#
..##.##.###.###.# ...
.....##.###.###.# ....
....###.........# #...
....# #####'##### ... ..
....# ##...## ###.#....
..###
##.....####o$...... ..##
##.....)†...o######.
...####.........♣###..
......+...<.............
...##.#..>.........#####
..## ##..........## ##.#
##.........# .#
##...#....# .#
##+##.#..# ## #.#..#
..##.#


You could see an orc priest and an orc.

Vanquished Creatures
  An orc priest (D:3)
  Terence (D:3)
  An orc wizard (D:3)
  6 adders
  3 dart slugs
  5 orcs (D:3)
  6 ball pythons
  4 bats
  5 endoplasms
  2 giant cockroaches (D:2)
  3 goblins (D:1)
  7 hobgoblins
  3 kobolds
  A quokka (D:1)
  A frilled lizard (D:1)
  A rat (D:3)
50 creatures vanquished.

Vanquished Creatures (others)
  2 fungi (D:1)
2 creatures vanquished.

Grand Total: 52 creatures vanquished

Notes
Turn   | Place    | Note
-------+----------+-------------------------------------------
     0 | D:1      | componib the Minotaur Fighter began the quest for the Orb.
     0 | D:1      | Reached XP level 1. HP: 19/19 MP: 0/0
    47 | D:1      | Reached XP level 2. HP: 7/27 MP: 1/1
   554 | D:1      | Reached skill level 4 in Armour
   726 | D:1      | Found a faded altar of an unknown god.
   751 | D:1      | Prayed at the altar of an unknown god.
   751 | D:1      | Became a worshipper of Ru the Awakened
   818 | D:2      | Reached XP level 3. HP: 29/33 MP: 2/2
   864 | D:2      | Identified the +4 rapier "Wuluph" {vorpal, rF- Will++
                  | Dex+3}
   903 | D:2      | Found a stormy altar of Qazlal.
  1457 | D:3      | Reached XP level 4. HP: 40/40 MP: 3/3
  1854 | D:3      | Reached skill level 1 in Dodging
  1886 | D:3      | Found Liag's Armour Shoppe.
  2016 | D:3      | Noticed Terence
  2024 | D:3      | Killed Terence
  2025 | D:3      | Reached XP level 5. HP: 36/47 MP: 4/4
  2558 | D:3      | Reached skill level 1 in Short Blades
  2558 | D:3      | Reached skill level 5 in Armour
  2560 | D:3      | HP: 3/70 [orc/+0 trident (4)]
  2561 | D:3      | Killed from afar by an orc priest

Illustrated notes

Levels and vault maps discovered:
D:1:      wander_arrival_abandoned_jail, layout_basic,
          shapermc_ecumenical_altar_acropolis
D:2:      layout_basic, basic_altar, minmay_pentomino_s2
D:3:      layout_loops_corners, serial_shops, nicolae_shop_trees,
          minmay_randomly_rotated_circles, uniq_terence

Skill      XL: |  1  2  3  4  5 |
---------------+----------------+-----
Armour         | 4 5 |  5.0
Long Blades    | 3 4 |  4.2
Shields        | 4 |  4.1
Fighting       | 4 |  4.4
Dodging        | 1 |  1.4
Short Blades   | 1 |  1.1
Polearms       | |  0.1

Action                   |  1- 3 |  4- 6 || total
-------------------------+-------+-------++-------
Melee: Long sword        |    57 |       ||    57
       Headbutt          |    18 |     5 ||    23
       Rapier            |    25 |    26 ||    51
       Trident           |       |    11 ||    11
  Use: Scroll            |     4 |       ||     4
       Potion            |       |     3 ||     3
Armor: Scale mail        |    48 |    16 ||    64
Dodge: Dodged            |    18 |    24 ||    42
Block: Buckler           |    19 |       ||    19

Table legend: (Time is in decaauts)
 A = Elapsed time spent in this place.
 B = Non-inter-level travel time spent in this place.
 C = Inter-level travel time spent in this place.
 D = Time resting spent in this place.
 E = Time spent auto-exploring this place.
 F = Levels seen in this place.
 G = Mean time per level.
                   A        B        C        D        E       F      G
               +--------+--------+--------+--------+--------+-----+--------+
         Total |   2587 |   2581 |      6 |    651 |   1305 |   3 |  862.3 |
       Dungeon |   2587 |   2581 |      6 |    651 |   1305 |   3 |  862.3 |
               +--------+--------+--------+--------+--------+-----+--------+

Top non-repeatable levels by time:
     D:3: 1148 daAuts
     D:1: 828 daAuts
     D:2: 610 daAuts
